 Dungeon Crawl Stone Soup version 0.17-a0-2014-g32cd421 (webtiles) character file.

674 Goblin1989 the Magician (level 7, -7/38 HPs)
             Began as a Deep Elf Fire Elementalist on Oct 9, 2015.
             Shot with an arrow of frost by a centaur (14 damage)
             ... on level 6 of the Dungeon.
             The game lasted 00:39:37 (4927 turns).

Goblin1989 the Magician (DEFE)                      Turns: 4927, Time: 00:39:37

Health: -7/38      AC:  4    Str:  5    XL:     7   Next: 33%
Magic:  8/17       EV: 14    Int: 22    God:
Gold:   156        SH:  0    Dex: 15    Spells: 3 memorised, 8 levels left

rFire  + . .     SeeInvis .     a - +3 quarterstaff (chaos)
rCold  x . .     Clarity  .     u - +0 robe
rNeg   . . .     SustAt   .     (no shield)
rPois  .         Gourm    +     j - +0 helmet
rElec  .         Spirit   .     v - +0 cloak
rCorr  .         Warding  .     (no gloves)
rMut   .         Stasis   .     (no boots)
MR     +....                    s - amulet of the gourmand
Stlth  ++........               y - ring of fire
                                D - ring of protection from magic

@: somewhat resistant to hostile enchantments, unstealthy
A: no striking features
a: no special abilities


You were on level 6 of the Dungeon.
You were very full.

You visited 1 branch of the dungeon, and saw 6 of its levels.
You also visited: Ossuary.

You collected 156 gold pieces.

Inventory:

Hand Weapons
 a - a +3 quarterstaff of chaos (weapon)
 b - a +0 dagger
Missiles
 p - 20 poisoned needles
Armour
 j - a +0 helmet (worn)
 u - a +0 robe (worn)
 v - a +0 cloak (worn)
Jewellery
 h - an uncursed ring of sustain attributes
 m - an uncursed amulet of stasis
 s - an amulet of the gourmand (around neck)
 y - a ring of fire (right hand)
 D - a ring of protection from magic (left hand)
Wands
 B - a wand of enslavement (12)
Scrolls
 e - 2 scrolls of teleportation
 f - 2 scrolls of random uselessness
 g - a scroll of magic mapping
 n - a scroll of remove curse {unknown}
 q - a scroll of fear {unknown}
 r - a scroll of enchant armour {unknown}
 A - a scroll of blinking
Potions
 d - a potion of flight
 i - 3 potions of curing
 k - a potion of heal wounds
 w - a potion of berserk rage
 x - a potion of cure mutation
 z - 2 potions of brilliance
Books
 o - a book of Flames

   Spells                             Type                      Level
   a - Flame Tongue                   Conjuration/Fire             1
   b - Throw Flame                    Conjuration/Fire             2
   c - Conjure Flame                  Conjuration/Fire             3
   d - Inner Flame                    Hexes/Fire                   3
   e - Sticky Flame                   Conjuration/Fire             4
   f - Fireball                       Conjuration/Fire             5
 C - a book of Maledictions

   Spells                             Type                      Level
   a - Corona                         Hexes                        1
   b - Ensorcelled Hibernation        Hexes/Ice                    2
   c - Confuse                        Hexes                        3
   d - Tukima's Dance                 Hexes                        3
   e - Dazzling Spray                 Conjuration/Hexes            3
Comestibles
 c - 2 bread rations
 l - 2 meat rations
 t - a slice of pizza


   Skills:
 + Level 1.2 Fighting
 + Level 4.6 Dodging
 - Level 2.4 Stealth
 + Level 5.4 Spellcasting
 + Level 5.4 Conjurations
 + Level 5.0 Fire Magic


You had 8 spell levels left.
You knew the following spells:

 Your Spells              Type           Power        Failure   Level  Hunger
a - Flame Tongue          Conj/Fire      #####        1%          1    None
b - Conjure Flame         Conj/Fire      #####...     3%          3    ##.....
c - Sticky Flame          Conj/Fire      #####...     12%         4    ####...


Dungeon Overview and Level Annotations

Branches:
Dungeon (6/15)
 Temple: D:4-7

Altars:
Nemelex Xobeh
Okawaru
Ru
Trog
Xom
The Shining One

Annotations:
D:3 Ijyb
D:4 exclusions: 2 gnolls and 1 more exclusion
D:5 Grinder, Sigmund


Message History

You destroy Menkaure!
Your Fire Magic skill increases to level 5!
The centaur wields a shortbow.
The centaur shoots an arrow of frost.
The arrow of frost misses you.
The centaur shoots an arrow of frost.
The arrow of frost hits you! The arrow of frost freezes you.
* * * LOW HITPOINT WARNING * * *
A giant frog comes into view.
Casting: Flame Tongue
Confirm with . or Enter, or press ? or * to list all spells.
Aiming: Conjure Flame
Press: ? - help, Dir - move target cursor You feel a surge of power!
The fire roars!
The centaur shoots an arrow of frost.
The arrow of frost completely misses you.
The centaur shoots an arrow of frost.
The arrow of frost hits you.
* * * LOW HITPOINT WARNING * * *
The arrow of frost freezes you.
* * * LOW HITPOINT WARNING * * *
The centaur shoots an arrow of frost.
The arrow of frost hits you!
You die...

*,*,,,***#.........####...
*,**,** *#.......## ##..
*,***** ##.....## #.>
*,,,,,* ##...## #..
*****,* ###'## #.# *,*
##.#.# #.# *,* ##.#..# #.#
#.####.###.#* #.# #....@##
##.#******#.#
######.##*,...,,,,,..#
##(#,,.###****###
##ยง......,* *c#..###,*
*..,.# *,* *.#.*#**,*
*....,,,,* *##,##****


You could see a centaur.

Vanquished Creatures
  Menkaure (D:6)
  2 ogres
  An elf skeleton (D:6)
  Crazy Yiuf (D:2)
  A giant frog skeleton (D:4)
  An orc priest (D:4)
  A worker ant (D:4)
  2 iguanas
  10 adders
  An ooze (D:2)
  3 worms
  A giant gecko (D:1)
  8 orcs
  4 goblins
  6 hobgoblins
  9 jackals
  A ball python (D:3)
  13 bats
  A giant cockroach (D:4)
  6 giant newts
  8 kobolds
  5 orc skeletons (D:6)
  7 rats
93 creatures vanquished.

Notes
Turn   | Place    | Note
--------------------------------------------------------------
     0 | D:1      | Goblin1989 the Deep Elf Fire Elementalist began the quest for the Orb.
     0 | D:1      | Reached XP level 1. HP: 10/10 MP: 6/6
   371 | D:1      | Reached XP level 2. HP: 15/15 MP: 6/8
   937 | D:2      | Reached XP level 3. HP: 19/19 MP: 5/9
  1690 | D:2      | Noticed Crazy Yiuf
  1709 | D:2      | Killed Crazy Yiuf
  1709 | D:2      | Reached XP level 4. HP: 3/24 MP: 3/11
  2127 | D:3      | Reached skill level 4 in Fire Magic
  2201 | D:3      | Learned a level 3 spell: Conjure Flame
  2717 | D:3      | Noticed Ijyb
  2805 | D:3      | Reached XP level 5. HP: 28/28 MP: 7/13
  2837 | D:3      | Found a sacrificial altar of Ru.
  2951 | D:3      | Learned a level 4 spell: Sticky Flame
  3805 | D:4      | Noticed an ogre
  3813 | D:4      | Killed an ogre
  3813 | D:4      | Reached XP level 6. HP: 32/32 MP: 4/14
  4212 | D:5      | Entered Level 5 of the Dungeon
  4232 | D:5      | Reached skill level 5 in Conjurations
  4319 | D:5      | Reached skill level 5 in Spellcasting
  4488 | D:5      | Noticed Sigmund
  4488 | D:5      | Noticed Grinder
  4588 | D:6      | Found a bloodstained altar of Trog.
  4588 | D:6      | Found an iron altar of Okawaru.
  4588 | D:6      | Found a sparkling altar of Nemelex Xobeh.
  4588 | D:6      | Found a glowing golden altar of the Shining One.
  4588 | D:6      | Found a shimmering altar of Xom.
  4638 | D:6      | Found a sand-covered staircase.
  4643 | Ossuary  | Entered an ossuary
  4779 | D:6      | Reached skill level 1 in Fighting
  4779 | D:6      | Reached XP level 7. HP: 33/38 MP: 7/16
  4918 | D:6      | Noticed Menkaure
  4924 | D:6      | Killed Menkaure
  4924 | D:6      | Reached skill level 5 in Fire Magic
  4927 | D:6      | Shot with an arrow of frost by a centaur

Vault maps used:
D:1:      minmay_arrival_four_circles
D:2:      uniq_crazy_yiuf_cottage
D:3:      nicolae_ru_awakened_eye, uniq_iyjb
D:4:      minmay_misc_feat_nine_boxes
D:5:      first_bread, uniq_sigmund, uniq_grinder
D:6:      grunt_temple_overflow_open, nicolae_ossuary_entry_catacombs,
          uniq_menkaure, uniq_eustachio
Ossuary:  ossuary_minmay_four_chambers

Action                   |  1- 3 |  4- 6 |  7- 9 || total
-------------------------+-------+-------+-------++-------
Melee: Quarterstaff      |       |     1 |       ||     1
 Cast: Flame Tongue      |    61 |   146 |     8 ||   215
       Conjure Flame     |       |     6 |     1 ||     7
  Use: Scroll            |       |    10 |       ||    10
  Eat: Chunk             |     2 |    22 |       ||    24
